 Dungeon Crawl Stone Soup version 0.22-a0-525-gf69a080 (webtiles) character file.

581 Mamutox the Magician (level 7, 0/51 HPs)
             Began as a Gnoll Wizard on June 20, 2018.
             Was an Initiate of Okawaru.
             Slain by Duvessa
             ... wielding a +0 short sword
              (8 damage)
             ... on level 4 of the Dungeon.
             The game lasted 00:23:51 (5404 turns).

Mamutox the Magician (Gnoll Wizard)                 Turns: 5404, Time: 00:23:51

Health: 0/51       AC:  5    Str:  9    XL:     7   Next: 36%
Magic:  4/18       EV: 14    Int: 25    God:    Okawaru [......]
Gold:   165        SH:  0    Dex: 15    Spells: 16/21 levels left

rFire    + . .     SeeInvis .   e - +2 short sword (drain)
rCold    x . .     Gourm    .   (no shield)
rNeg     . . .     Faith    .   x - +0 leather armour (curse)
rPois    .         Spirit   .   b - +0 hat
rElec    .         Reflect  .   (no cloak)
rCorr    .         Harm     .   m - +0 pair of gloves
MR       .....                  s - +0 pair of boots
Stlth    +++.......             (no amulet)
HPRegen  0.17/turn              z - +4 ring of intelligence
MPRegen  0.16/turn              u - ring of fire

@: no status effects
A: distributed training, fangs 1, strong nose
a: Renounce Religion


You were on level 4 of the Dungeon.
You worshipped Okawaru.
Okawaru was noncommittal.
You were hungry.

You visited 2 branches of the dungeon, and saw 5 of its levels.

You collected 195 gold pieces.
You spent 30 gold pieces at shops.

Inventory:

Hand Weapons
 e - a +2 short sword of draining (weapon)
 j - a +0 club
 v - a +0 falchion of holy wrath
Missiles
 o - 5 poisoned needles
 A - 22 arrows
Armour
 a - a +0 robe
 b - a +0 hat (worn)
 m - a +0 pair of gloves (worn)
 s - a +0 pair of boots (worn)
 x - a cursed +0 leather armour (worn)
Jewellery
 u - a ring of fire (right hand)
 z - a +4 ring of intelligence (left hand)
Scrolls
 g - 5 scrolls of remove curse
 h - 2 scrolls of blinking {unknown}
 k - 2 scrolls of magic mapping {unknown}
 n - a scroll of random uselessness {unknown}
 q - a scroll of amnesia {unknown}
 r - 3 scrolls of teleportation
 t - 4 scrolls of identify {unknown}
 y - 2 scrolls of fear
 D - a scroll of enchant weapon {unknown}
Potions
 c - a potion of degeneration {unknown}
 f - 2 potions of brilliance
 i - a potion of might {unknown}
 l - a potion of haste {unknown}
 p - 2 potions of heal wounds {unknown}
 w - a potion of lignification {unknown}
 C - a potion of invisibility {unknown}
Comestibles
 d - 10 rations


   Skills:
 + Level 2.4 Fighting
 + Level 2.4 Short Blades
 + Level 2.4 Long Blades
 + Level 2.4 Axes
 + Level 2.4 Maces & Flails
 + Level 2.4 Polearms
 + Level 2.4 Staves
 + Level 2.4 Slings
 + Level 2.4 Bows
 + Level 2.4 Crossbows
 + Level 2.4 Throwing
 + Level 2.4 Armour
 + Level 5.2 Dodging
 + Level 4.8 Stealth
 + Level 2.4 Shields
 + Level 2.4 Unarmed Combat
 + Level 7.6 Spellcasting
 + Level 2.9 Conjurations
 + Level 2.0 Hexes
 + Level 2.0 Charms
 + Level 2.9 Summonings
 + Level 2.0 Necromancy
 + Level 2.9 Translocations
 + Level 2.0 Transmutations
 + Level 2.0 Fire Magic
 + Level 2.0 Ice Magic
 + Level 2.0 Air Magic
 + Level 2.0 Earth Magic
 + Level 2.0 Poison Magic
 + Level 2.6 Invocations
 + Level 2.4 Evocations


You had 16 spell levels left.
You knew the following spells:

 Your Spells              Type           Power        Failure   Level  Hunger
a - Magic Dart            Conj           ###.         2%          1    None
s - Blink                 Tloc           N/A          3%          2    None
x - Call Imp              Summ           ###.....     3%          2    None

Your spell library contained the following spells:

 Spells                   Type           Power        Failure   Level  Hunger
 Conjure Flame            Conj/Fire      ####....     10%         3    None
 Slow                     Hex            ###.....     6%          2    None
 Mephitic Cloud           Conj/Pois/Air  ###.....     10%         3    None


Dungeon Overview and Level Annotations

Branches:
Dungeon (4/15)             Temple (1/1) D:4

Altars:
Cheibriados
Dithmenos
Elyvilon
Fedhas
Gozag
Hepliaklqana
Kikubaaqudgha
Makhleb
Okawaru
Qazlal
Ru
Sif Muna
Trog
Uskayaw
Vehumet
Wu Jian
Xom
Yredelemnul
Zin
The Shining One

Shops:
D:4 *

Annotations:
D:3 3 runed doors, inc's ghost, amateur OpEE
D:4 Duvessa


Innate Abilities, Weirdness & Mutations

Your experience applies equally to all skills.
You have very sharp teeth.
Your uncanny sense of smell can sniff out nearby items.


Message History

Confirm with . or Enter, or press ? or * to list all spells.
You blink.
An adder comes into view.
The adder hisses angrily.
Found a helmet.
Casting: Blink (safe; 3% risk of failure)
Confirm with . or Enter, or press ? or * to list all spells.
You blink.
Casting: Blink (safe; 3% risk of failure)
Confirm with . or Enter, or press ? or * to list all spells.
You blink.
Duvessa hits you with a short sword.
* * * LOW HITPOINT WARNING * * *
The leopard gecko barely misses you. Duvessa closely misses you.
The leopard gecko bites you but does no damage.
Casting: Blink (safe; 3% risk of failure)
Confirm with . or Enter, or press ? or * to list all spells.
You blink.
Duvessa rages.
The adder bites you but does no damage. Duvessa hits you with a short sword!
You die...

# #..........# #
#..........# # #..........
# #...[....# #####
##........## .>..#
#..........# ##..##
#..........#
#....###########.S...§....#
#.##...#.?......@.........#
..# ##..........le§.......#
.## #............o......##
.#####........!..o......##
.)..............o...#####
.#####....<..)......# ##
#......._......# #
##...._..._....# #
##..........#....#


You could see Duvessa (berserk), an adder, 3 orcs and a leopard gecko.

Vanquished Creatures
  2 ogres
  An orc priest (D:3)
  2 orc wizards
  Natasha (thrice) (D:2)
  A worker ant (D:3)
  4 adders
  An ooze (D:4)
  A worm (D:2)
  2 dart slugs
  2 leopard geckos
  12 orcs
  6 giant cockroaches
  5 goblins
  8 hobgoblins
  6 jackals (D:2)
  A quokka (D:3)
  2 ball pythons (D:2)
  9 bats
  2 frilled lizards (D:2)
  6 kobolds
  9 rats
85 creatures vanquished.

Vanquished Creatures (collateral kills)
  An ogre (D:4)
  Dowan (D:4)
  A worker ant (D:4)
  An adder (D:4)
  A bat (D:3)
  A quokka skeleton (D:4)
6 creatures vanquished.

Grand Total: 91 creatures vanquished

Notes
Turn   | Place    | Note
-------+----------+-------------------------------------------
     0 | D:1      | Mamutox the Gnoll Wizard began the quest for the Orb.
     0 | D:1      | Reached XP level 1. HP: 13/13 MP: 8/8
   302 | D:1      | Reached XP level 2. HP: 16/19 MP: 3/10
  1668 | D:2      | Reached XP level 3. HP: 25/25 MP: 8/11
  1813 | D:2      | Noticed Natasha
  1832 | D:2      | Reached skill level 1 in Invocations
  2010 | D:2      | Reached skill level 1 in Fighting
  2010 | D:2      | Reached skill level 1 in Short Blades
  2010 | D:2      | Reached skill level 1 in Long Blades
  2010 | D:2      | Reached skill level 1 in Axes
  2010 | D:2      | Reached skill level 1 in Maces & Flails
  2010 | D:2      | Reached skill level 1 in Polearms
  2010 | D:2      | Reached skill level 1 in Staves
  2010 | D:2      | Reached skill level 1 in Slings
  2010 | D:2      | Reached skill level 1 in Bows
  2010 | D:2      | Reached skill level 1 in Crossbows
  2010 | D:2      | Reached skill level 1 in Throwing
  2010 | D:2      | Reached skill level 1 in Armour
  2010 | D:2      | Reached skill level 1 in Shields
  2010 | D:2      | Reached skill level 1 in Unarmed Combat
  2010 | D:2      | Reached skill level 1 in Evocations
  2118 | D:2      | Killed Natasha
  2118 | D:2      | Reached XP level 4. HP: 32/32 MP: 7/13
  2120 | D:2      | Noticed Natasha
  2196 | D:2      | Killed Natasha
  2196 | D:2      | Reached skill level 1 in Hexes
  2196 | D:2      | Reached skill level 1 in Charms
  2196 | D:2      | Reached skill level 1 in Necromancy
  2196 | D:2      | Reached skill level 1 in Transmutations
  2196 | D:2      | Reached skill level 1 in Fire Magic
  2196 | D:2      | Reached skill level 1 in Ice Magic
  2196 | D:2      | Reached skill level 1 in Air Magic
  2196 | D:2      | Reached skill level 1 in Earth Magic
  2196 | D:2      | Reached skill level 1 in Poison Magic
  2407 | D:2      | Noticed Natasha
  2560 | D:2      | Killed Natasha
  2560 | D:2      | Reached XP level 5. HP: 28/37 MP: 9/14
  3133 | D:2      | Found a bloodstained altar of Trog.
  3360 | D:3      | Noticed an ogre
  3380 | D:3      | Killed an ogre
  3380 | D:3      | Reached XP level 6. HP: 21/44 MP: 10/16
  3569 | D:3      | Found a runed gate.
  3570 | D:3      | Found a runed gate.
  3570 | D:3      | Found a runed gate.
  3571 | D:3      | Noticed inc's ghost (amateur OpEE)
  3669 | D:3      | Reached skill level 5 in Dodging
  3861 | D:3      | Learned a level 2 spell: Blink
  3870 | D:3      | Found a snail-covered altar of Cheibriados.
  4192 | D:3      | Learned a level 2 spell: Call Imp
  4848 | D:4      | Found Ycu Wauwass's General Store.
  4983 | D:4      | Bought a scroll of teleportation for 30 gold pieces
  5000 | D:4      | Reached XP level 7. HP: 50/50 MP: 14/18
  5118 | D:4      | Found a staircase to the Ecumenical Temple.
  5202 | Temple   | Entered the Ecumenical Temple
  5284 | Temple   | Became a worshipper of Warmaster Okawaru
  5346 | D:4      | Found an ancient bone altar of Kikubaaqudgha.
  5346 | D:4      | Found a deep blue altar of Sif Muna.
  5347 | D:4      | Found an opulent altar of Gozag.
  5348 | D:4      | Found a shadowy altar of Dithmenos.
  5349 | D:4      | Found a hide-covered altar of Uskayaw.
  5349 | D:4      | Noticed Duvessa
  5369 | D:4      | Found a burning altar of Makhleb.
  5370 | D:4      | Found a white marble altar of Elyvilon.
  5374 | D:4      | Found a glowing golden altar of the Shining One.
  5377 | D:4      | Noticed Dowan
  5397 | D:4      | Killed Dowan
  5404 | D:4      | Slain by Duvessa

Vault maps used:
D:1:      erik_arrival_cave_to_civilisation, minivault_5
D:2:      lightli_temple_of_fire, uniq_natasha
D:3:      cheibriados_altar_1, gammafunk_ghost_necromancy,
          kennysheep_generic_room_2
D:4:      grunt_temple_overflow_open, minmay_temple_entry_fiery, serial_shops,
          nicolae_shop_trees, minmay_bisected, uniq_duvessa
Temple:   jpeg_temple_alley_garden

Skill      XL: |  1  2  3  4  5  6  7 |
---------------+----------------------+-----
Conjurations   | 2 |  2.9
Summonings     | 2 |  2.9
Translocations | 2 |  2.9
Invocations    | 1 2 |  2.6
Fighting       | 1 2 |  2.4
Short Blades   | 1 2 |  2.4
Long Blades    | 1 2 |  2.4
Axes           | 1 2 |  2.4
Maces & Flails | 1 2 |  2.4
Polearms       | 1 2 |  2.4
Staves         | 1 2 |  2.4
Slings         | 1 2 |  2.4
Bows           | 1 2 |  2.4
Crossbows      | 1 2 |  2.4
Throwing       | 1 2 |  2.4
Armour         | 1 2 |  2.4
Shields        | 1 2 |  2.4
Unarmed Combat | 1 2 |  2.4
Evocations     | 1 2 |  2.4
Hexes          | 1 2 |  2.0
Charms         | 1 2 |  2.0
Necromancy     | 1 2 |  2.0
Transmutations | 1 2 |  2.0
Fire Magic     | 1 2 |  2.0
Ice Magic      | 1 2 |  2.0
Air Magic      | 1 2 |  2.0
Earth Magic    | 1 2 |  2.0
Poison Magic   | 1 2 |  2.0
Dodging        | 5 |  5.2
Stealth        | |  4.8
Spellcasting   | |  7.6

Action                   |  1- 3 |  4- 6 |  7- 9 || total
-------------------------+-------+-------+-------++-------
Melee: Dagger            |     7 |       |       ||     7
       Unarmed           |     2 |       |       ||     2
       Bite              |     2 |     8 |     3 ||    13
       Short sword       |    21 |    76 |    18 ||   115
       Club              |     4 |       |       ||     4
       Punch             |       |       |     1 ||     1
 Cast: Magic Dart        |    60 |    97 |     4 ||   161
       Call Imp          |       |     7 |     5 ||    12
       Blink             |       |     3 |     6 ||     9
  Use: Scroll            |       |     2 |       ||     2
       Potion            |       |     1 |       ||     1
 Stab: Sleeping          |     4 |     2 |       ||     6
       Distracted        |       |     1 |       ||     1
  Eat: Chunk             |     4 |     8 |     1 ||    13
Armor: Robe              |     7 |     9 |       ||    16
       Leather armour    |       |     9 |     8 ||    17
Dodge: Dodged            |    25 |    65 |    23 ||   113

Table legend:
 A = Spawn XP
 B = Non-spawn XP
 C = Spawn XP percentage of total XP
 D = Spawn monster count
 E = Non-spawn monster count
 F = Spawn count percentage of total count
 G = Total turns spent on level
                    A         B        C        D         E        F      G
               +---------+---------+-------+---------+---------+-------+---------
         Total |       0 |     830 |   0.0 |       0 |      91 |   0.0 |  5404
               +---------+---------+-------+---------+---------+-------+---------
           D:1 |       0 |      32 |   0.0 |       0 |      20 |   0.0 |  1570
           D:2 |       0 |     184 |   0.0 |       0 |      30 |   0.0 |  1647
           D:3 |       0 |     310 |   0.0 |       0 |      28 |   0.0 |  1600
           D:4 |       0 |     304 |   0.0 |       0 |      13 |   0.0 |   467
               +---------+---------+-------+---------+---------+-------+---------
